 Dungeon Crawl Stone Soup version 0.16.1-16-gc44b35d (webtiles) character file.

1672 RepoMan the Grasshopper (level 8, -3/56 HPs)
             Began as a Demonspawn Warper on Apr 20, 2015.
             Slain by an ogre
             ... wielding a +0 giant club
              (16 damage)
             ... on level 7 of the Dungeon on Apr 21, 2015.
             The game lasted 01:46:50 (9416 turns).

RepoMan the Grasshopper (Demonspawn Warper)         Turns: 9416, Time: 01:46:50

Health: -3/56      AC:  5    Str: 11    XL:     8   Next: 70%
Magic:  20/20      EV: 12    Int: 15    God:
Gold:   224        SH:  0    Dex: 15    Spells: 6 memorised, 2 levels left

rFire  . . .     SeeInvis .     o - +2 trident
rCold  . . .     Clarity  .     u - +2 robe
rNeg   . . .     SustAb   .     (no shield)
rPois  .         Gourm    .     (no helmet)
rElec  .         Spirit   .     F - +0 cloak
rCorr  .         Warding  .     (no gloves)
rMut   .         Stasis   .     (no boots)
MR     .....                    (no amulet)
Stlth  +.........               (no ring)
                                (no ring)

@: drained, not resistant to hostile enchantments, very unstealthy
A: claws 2, demonic guardian 1
a: no special abilities


You were on level 7 of the Dungeon.
You were not hungry.

You visited 2 branches of the dungeon, and saw 8 of its levels.

You collected 224 gold pieces.

Inventory:

Hand weapons
 a - a +0 falchion
 o - a +2 trident (weapon)
 r - a +0 great sword
 s - a cursed -2 dagger
 y - a +0 hunting sling
 E - a +3 quarterstaff of chaos
 K - a +0 spear of venom
 S - a -3 blowgun
Missiles
 j - 27 bolts
 l - 46 stones (quivered)
 v - 45 sling bullets
 C - 33 poisoned needles
 I - 7 needles of paralysis
 Q - 5 javelins
Armour
 b - a +0 leather armour
 e - a +0 leather armour
 u - a +2 robe (worn)
 F - a +0 cloak (worn)
Magical devices
 t - a wand of fireball (0)
 x - a wand of fireball (0)
 D - a wand of cold (0)
 G - a wand of digging (4)
 M - a wand of digging (10)
 T - a wand of frost (26)
Scrolls
 d - a scroll of blinking
 g - a scroll of magic mapping {unknown}
 m - 4 scrolls of teleportation
 n - 2 scrolls of remove curse
 q - a scroll of enchant armour {unknown}
 w - a scroll of recharging
 z - a scroll of immolation {unknown}
 J - 3 scrolls of identify
Potions
 h - 3 potions of restore abilities
 i - a potion of haste
 k - a potion of might {unknown}
 p - a potion of brilliance {unknown}
 A - 3 potions of poison {unknown}
 B - a potion of lignification {unknown}
 H - a potion of degeneration {unknown}
 R - a potion of beneficial mutation {unknown}
Books
 c - a book of Spatial Translocations

   Spells                             Type                      Level
   a - Apportation                    Translocation                1
   b - Blink                          Translocation                2
   c - Shroud of Golubria             Charms/Translocation         2
   d - Portal Projectile              Translocation                3
   e - Teleport Other                 Translocation                3
   f - Passage of Golubria            Translocation                4
 L - the Collected Works on Weightlessness
   (You found it on level 6 of the Dungeon)

   Spells                             Type                      Level
   a - Shock                          Conjuration/Air              1
   b - Swiftness                      Charms/Air                   2
   c - Static Discharge               Conjuration/Air              3
   d - Summon Lightning Spire         Summoning/Air                4
 U - a book of Unlife

   Spells                             Type                      Level
   a - Recall                         Summoning/Translocation      3
   b - Animate Dead                   Necromancy                   4
   c - Control Undead                 Necromancy                   4
   d - Cigotuvi's Embrace             Necromancy                   5
   e - Death Channel                  Necromancy                   6
   f - Simulacrum                     Ice/Necromancy               6
Comestibles
 f - 6 bread rations
 N - 2 meat rations
 O - a beef jerky


   Skills:
 - Level 2.0(1.9) Fighting
 - Level 5.2(5.1) Long Blades
 + Level 0.8(0.7) Polearms
 - Level 0.8(0.7) Throwing
 - Level 0.8(0.7) Armour
 - Level 1.7(1.6) Dodging
 - Level 1.0(0.9) Unarmed Combat
 + Level 5.4(5.3) Spellcasting
 * Level 7.5(7.4) Translocations


You had 2 spell levels left.
You knew the following spells:

 Your Spells              Type           Power        Failure   Level  Hunger
a - Apportation           Tloc           ####......   1%          1    None
b - Blink                 Tloc           N/A          1%          2    #......
c - Shroud of Golubria    Chrm/Tloc      ###.......   6%          2    #......
d - Teleport Other        Tloc           ####....     2%          3    ###....
l - Passage of Golubria   Tloc           N/A          10%         4    ####...
p - Portal Projectile     Tloc           ####..       2%          3    ###....


Dungeon Overview and Level Annotations

Branches:
Dungeon (7/15)             Temple (1/1) D:6

Altars:
Ashenzari
Cheibriados
Fedhas
Gozag
Kikubaaqudgha
Makhleb
Nemelex Xobeh
Okawaru
Qazlal
Ru
Sif Muna
Trog
Vehumet
Xom
Yredelemnul
Zin

Annotations:
D:5 Duvessa


Innate Abilities, Weirdness & Mutations

You have very sharp fingernails.
A weak demonic guardian rushes to your aid.


Message History

The ogre hits you with a giant club!!
You hit the ogre.
The ogre is severely wounded.
Your crimson imp hits the ogre.
The ogre hits you with a giant club!
* * * LOW HITPOINT WARNING * * *
Your crimson imp hits the ogre.
The ogre hits your crimson imp but does no damage.
Attack whom?
Press: ? - help, Dir - move target cursor, f - ogre
Aim: an ogre, wielding a giant club (almost dead)
You reach to attack!
You hit the ogre.
The ogre is almost dead.
Your crimson imp hits the ogre but does no damage.
Attack whom?
Press: ? - help, Dir - move target cursor, f/p - ogre
Aim: an ogre, wielding a giant club (almost dead)
You reach to attack!
You closely miss the ogre.
The ogre is almost dead.
The ogre hits you with a giant club!
You die...

........................##.#
.............................
...#...............#.........
####................##.......
.###................#.......#
###.#..#..####..##.........##
.#..#<...#########...........
...#.....##%.%###............
.........##%§(#O@#...........
.........##÷÷.5###.........#
.........####### #..........
.....###..# ......>....
..##..###... ...........
........ ... ...........
.....##. .. ........#..
...... .##.....# ...... ..##


You could see an ogre and a friendly crimson imp.

Vanquished Creatures
  Grinder (D:6)
  Eustachio (D:7)
  An orc warrior (D:6)
  A phantom (D:6)
  An ice beast (D:6)
  An ogre (D:5)
  Blork the orc (D:4)
  2 wights (D:7)
  An orc priest (D:6)
  A centaur zombie (D:7)
  2 hounds (D:6)
  Crazy Yiuf (D:3)
  2 iguanas
  4 worker ants
  Ijyb (D:5)
  Jessica (D:2)
  A hound skeleton (D:5)
  6 adders
  3 gnolls (D:4)
  A worm (D:2)
  A shadow imp (D:5)
  3 oozes
  6 orcs
  20 bats
  A bat skeleton (D:5)
  2 bat zombies
  6 giant cockroaches
  6 goblins
  10 hobgoblins
  8 jackals
  4 ball pythons
  5 giant geckos
  A giant gecko skeleton (D:7)
  4 giant newts
  A jackal skeleton (D:5)
  15 kobolds
  4 quokkas
  13 rats
143 creatures vanquished.

Vanquished Creatures (collateral kills)
  An ice beast (D:5)
  A sky beast (D:6)
  A centaur (D:6)
  An ogre (D:6)
  2 giant frogs (D:6)
  Dowan (D:5)
  A goblin (D:5)
  A hobgoblin (D:5)
9 creatures vanquished.

Vanquished Creatures (others)
  4 crimson imps
  2 iron imps (D:6)
  3 quasits
  4 white imps
  5 ufetubi
18 creatures vanquished.

Grand Total: 170 creatures vanquished

Notes
Turn   | Place    | Note
--------------------------------------------------------------
     0 | D:1      | RepoMan, the Demonspawn Warper, began the quest for the Orb.
     0 | D:1      | Reached XP level 1. HP: 16/16 MP: 3/3
   670 | D:1      | Gained mutation: You have sharp fingernails. [demonic ancestry]
   670 | D:1      | Reached XP level 2. HP: 20/22 MP: 4/4
  1001 | D:1      | Reached skill level 3 in Translocations
  1005 | D:1      | Learned a level 2 spell: Blink
  1307 | D:1      | Gained mutation: A weak demonic guardian rushes to your aid. [demonic ancestry]
  1307 | D:1      | Reached XP level 3. HP: 25/27 MP: 6/6
  1683 | D:2      | Noticed Jessica
  1713 | D:2      | Killed Jessica
  2452 | D:2      | Found a snail-covered altar of Cheibriados.
  2470 | D:2      | Found a deep blue altar of Sif Muna.
  2476 | D:2      | Reached XP level 4. HP: 33/33 MP: 8/8
  2564 | D:2      | Learned a level 2 spell: Shroud of Golubria
  3828 | D:3      | You fall through a shaft!
  4071 | D:4      | Reached XP level 5. HP: 11/38 MP: 6/11
  4352 | D:4      | Reached skill level 4 in Translocations
  4584 | D:4      | Noticed Blork the orc
  4589 | D:5      | Entered Level 5 of the Dungeon
  4852 | D:5      | Found an iron altar of Okawaru.
  4871 | D:6      | Noticed Grinder
  4874 | D:6      | Found a staircase to the Ecumenical Temple.
  4877 | Temple   | Entered the Ecumenical Temple
  5029 | Temple   | Learned a level 3 spell: Teleport Other
  5367 | D:5      | Noticed a sky beast
  5423 | D:4      | Reached XP level 6. HP: 35/44 MP: 13/13
  5490 | D:4      | Learned a level 3 spell: Portal Projectile
  5600 | D:3      | Noticed Crazy Yiuf
  5613 | D:3      | Killed Crazy Yiuf
  6060 | D:4      | Killed Blork the orc
  6558 | D:4      | Reached skill level 5 in Translocations
  6788 | D:5      | Noticed Dowan
  6789 | D:5      | Noticed Duvessa
  7097 | D:5      | Killed Dowan
  7128 | D:5      | Noticed Ijyb
  7145 | D:5      | Killed Ijyb
  7148 | D:5      | Noticed an ice beast
  7156 | D:5      | Noticed an ogre
  7163 | D:5      | Killed an ice beast
  7163 | D:5      | Gained mutation: You have very sharp fingernails. [demonic ancestry]
  7163 | D:5      | Reached XP level 7. HP: 32/50 MP: 3/17
  7184 | D:5      | Killed an ogre
  7427 | D:6      | Noticed an ogre
  7611 | D:6      | Noticed an ice beast
  7628 | D:6      | Killed an ice beast
  7726 | D:6      | Identified the Collected Works on Weightlessness (You found it on level 6 of the Dungeon)
  7779 | D:6      | Killed an ogre
  7779 | D:6      | Reached skill level 1 in Unarmed Combat
  7851 | D:6      | Noticed a sky beast
  7867 | D:6      | Killed a sky beast
  7867 | D:6      | Reached skill level 6 in Translocations
  7966 | D:6      | Paralysed by Grinder for 3 turns
  7978 | D:6      | Killed Grinder
  7978 | D:6      | Reached XP level 8. HP: 35/56 MP: 3/19
  8748 | D:6      | Noticed a centaur
  8753 | D:6      | Killed a centaur
  8753 | D:6      | Reached skill level 5 in Spellcasting
  8874 | D:6      | Reached skill level 5 in Long Blades
  8874 | D:6      | Reached skill level 7 in Translocations
  8901 | D:6      | Learned a level 4 spell: Passage of Golubria
  9042 | D:7      | Found an opulent altar of Gozag.
  9123 | D:7      | Noticed Eustachio
  9177 | D:7      | Killed Eustachio
  9416 | D:7      | Slain by an ogre

Action                   |  1- 3 |  4- 6 |  7- 9 || total
-------------------------+-------+-------+-------++-------
Melee: Falchion          |   156 |   229 |   100 ||   485
       Great sword       |       |    26 |    27 ||    53
       Spear             |       |       |    39 ||    39
       Trident           |       |       |     9 ||     9
 Fire: Hunting sling     |       |    38 |    83 ||   121
       Blowgun           |       |       |    13 ||    13
Throw: Stone             |    36 |       |       ||    36
       Tomahawk          |     2 |     3 |       ||     5
       Throwing net      |       |     1 |       ||     1
 Cast: Apportation       |     1 |     7 |     8 ||    16
       Blink             |       |    12 |     7 ||    19
       Shroud of Golubri |       |    14 |    17 ||    31
       Portal Projectile |       |     2 |    16 ||    18
       Teleport Other    |       |     2 |     1 ||     3
Evoke: Wand              |       |     9 |     2 ||    11
  Use: Scroll            |       |     8 |     2 ||    10
       Potion            |       |     2 |     4 ||     6
  Eat: Chunk             |     5 |    14 |     7 ||    26
       Beef jerky        |       |     1 |       ||     1
       Bread ration      |       |     1 |       ||     1
